 Dungeon Crawl Stone Soup version 0.22.1-2-g9c5b331 (webtiles) character file.

601 dvd the Ducker (level 7, 0/66 HPs)
             Began as a Troll Warper on Nov 24, 2018.
             Was a Believer of Cheibriados.
             Slain by a water moccasin (5 damage)
             ... on level 5 of the Dungeon.
             The game lasted 00:14:10 (3963 turns).

dvd the Ducker (Troll Warper)                       Turns: 3963, Time: 00:14:11

Health: 0/66       AC:  8    Str: 24    XL:     7   Next: 18%
Magic:  8/9        EV: 11    Int: 14    God:    Cheibriados [**....]
Gold:   204        SH:  0    Dex: 14    Spells: 3/10 levels left

rFire    . . .     SeeInvis .   b - +5 club
rCold    . . .     Gourm    +   (no shield)
rNeg     . . .     Faith    .   o - +0 robe
rPois    .         Spirit   .   (helmet restricted)
rElec    .         Reflect  .   g - +2 cloak
rCorr    .         Harm     .   (gloves unavailable)
MR       +....                  (boots unavailable)
Stlth    +.........             d - amulet of the acrobat
HPRegen  0.61/turn              y - ring of wizardry
MPRegen  0.11/turn              v - ring of protection from magic

@: lethally poisoned (0 -> -26), very slow
A: large, unfitting armour, claws 3, fast metabolism 3, gourmand, regeneration
1, shaggy fur 1, tough skin 2
a: Bend Time, Renounce Religion


You were on level 5 of the Dungeon.
You worshipped Cheibriados.
Cheibriados was pleased with you.
You were very full.

You visited 1 branch of the dungeon, and saw 5 of its levels.

You collected 204 gold pieces.

Inventory:

Hand Weapons
 a - a +0 hand axe
 b - a +5 club (weapon)
 k - a +0 whip
 l - a +3 arbalest
 q - a +0 short sword of protection
 s - a +0 dire flail
 z - the +1 falchion of Conservatism {venom, Str+3}
   (You found it on level 5 of the Dungeon)

   It poisons the flesh of those it strikes.
   It affects your strength (+3).
Armour
 g - a +2 cloak (worn)
 o - a +0 robe (worn)
Jewellery
 c - an uncursed ring of protection from cold
 d - an amulet of the acrobat (around neck)
 v - a ring of protection from magic (right claw)
 y - a ring of wizardry (left claw)
Wands
 x - a wand of iceblast (5)
Scrolls
 i - 2 scrolls of remove curse
 j - 4 scrolls of teleportation {unknown}
 n - 3 scrolls of identify {unknown}
 r - a scroll of random uselessness {unknown}
 w - a scroll of fear {unknown}
Potions
 e - a potion of flight {unknown}
 m - a potion of invisibility {unknown}
 p - a potion of berserk rage {unknown}
 t - a potion of brilliance {unknown}
 u - a potion of lignification {unknown}
Comestibles
 f - 14 rations


   Skills:
 + Level 2.5 Fighting
 + Level 2.3(3.0) Axes
 + Level 3.2(3.7) Maces & Flails
 + Level 1.3 Throwing
 + Level 3.4 Dodging
 + Level 0.3 Stealth
 + Level 2.0 Spellcasting
 + Level 1.0 Charms
 + Level 2.9 Translocations
 + Level 0.2 Invocations


You had 3 spell levels left.
You knew the following spells:

 Your Spells              Type           Power        Failure   Level  Hunger
a - Shroud of Golubria    Chrm/Tloc      #.........   6%          2    ###....
b - Blink                 Tloc           N/A          4%          2    ###....
c - Lesser Beckoning      Tloc           #.........   9%          3    ####...

Your spell library contained the following spells:

 Spells                   Type           Power        Failure   Level  Hunger
 Gell's Gravitas          Tloc           #.........   9%          3    ####...
 Teleport Other           Tloc           #.......     9%          3    ####...
 Passage of Golubria      Tloc           N/A          26%         4    #####..


Dungeon Overview and Level Annotations

Branches:
Dungeon (5/15)             Temple (0/1) D:4

Altars:
Cheibriados
Elyvilon
Vehumet

Annotations:
D:3 Blork the orc


Innate Abilities, Weirdness & Mutations

You are too large for most types of armour.
You have claws for hands.
Your metabolism is lightning-fast.
You like to eat raw meat.
Your natural rate of healing is unusually fast.
You are covered in fur. (AC +1)
You have very tough skin. (AC +2)


Message History

You feel sick. The water moccasin bites you.
You are more poisoned.
The water moccasin poisons you!
You barely miss the water moccasin.
The water moccasin is severely wounded.
* * * LOW HITPOINT WARNING * * *
You feel very sick. The water moccasin barely misses you.
The water moccasin bites you!
* * * LOW HITPOINT WARNING * * *
You hit the water moccasin.
The water moccasin is almost dead.
* * * LOW HITPOINT WARNING * * *
You feel very sick. The water moccasin barely misses you.
You hit the water moccasin but do no damage.
The water moccasin is almost dead.
* * * LOW HITPOINT WARNING * * *
You feel very sick. The water moccasin bites you.
You die...

###.# ..##.# #.##.#
#.##.# #.##.#
########.<#.#
.......S#.#.#
.......@#.#.##
........#....##
........'.....#
........##....#
#........##.#.##
#........##.#..#
#...........#..#
#..............##
#...............##......


You could see a water moccasin.

Vanquished Creatures
  Sigmund (D:2)
  An ogre (D:5)
  An orc wizard (D:4)
  Robin (D:2)
  9 gnolls
  9 adders
  5 oozes
  6 worms
  A dart slug (D:2)
  3 leopard geckos
  3 orcs (D:4)
  A giant cockroach (D:3)
  14 goblins
  10 hobgoblins
  12 jackals
  3 quokkas
  3 ball pythons
  9 bats
  4 frilled lizards
  9 kobolds
  13 rats
118 creatures vanquished.

Notes
Turn   | Place    | Note
-------+----------+-------------------------------------------
     0 | D:1      | dvd the Troll Warper began the quest for the Orb.
     0 | D:1      | Reached XP level 1. HP: 19/19 MP: 1/1
     6 | D:1      | Reached skill level 1 in Throwing
    59 | D:1      | Reached XP level 2. HP: 21/28 MP: 2/2
    76 | D:1      | Learned a level 2 spell: Shroud of Golubria
   528 | D:1      | Reached XP level 3. HP: 20/35 MP: 1/4
   536 | D:1      | Learned a level 2 spell: Blink
   901 | D:2      | Noticed Robin
   991 | D:2      | Killed Robin
   991 | D:2      | Reached XP level 4. HP: 17/42 MP: 3/5
  1422 | D:2      | Found a snail-covered altar of Cheibriados.
  1462 | D:2      | Reached XP level 5. HP: 25/49 MP: 6/6
  1509 | D:2      | Became a worshipper of Cheibriados the Contemplative
  1683 | D:2      | Noticed Sigmund
  1711 | D:2      | Killed Sigmund
  1711 | D:2      | Reached XP level 6. HP: 26/57 MP: 2/7
  2091 | D:3      | Found a radiant altar of Vehumet.
  2201 | D:3      | Reached * piety under Cheibriados
  2371 | D:3      | Learned a level 3 spell: Lesser Beckoning
  2698 | D:3      | Noticed Blork the orc
  3185 | D:4      | Found a white marble altar of Elyvilon.
  3295 | D:4      | Reached ** piety under Cheibriados
  3303 | D:4      | Reached skill level 1 in Charms
  3470 | D:4      | Found a staircase to the Ecumenical Temple.
  3526 | D:5      | Entered Level 5 of the Dungeon
  3656 | D:4      | Reached XP level 7. HP: 66/66 MP: 8/8
  3884 | D:5      | Got a smoking falchion
  3892 | D:5      | Identified the cursed +1 falchion of Conservatism {venom,
                  | Str+3} (You found it on level 5 of the Dungeon)
  3963 | D:5      | Slain by a water moccasin

Skill      XL: |  1  2  3  4  5  6  7 |
---------------+----------------------+-----
Throwing       | 1 |  1.3
Dodging        | 2 3 |  3.4
Fighting       | 2 |  2.5
Axes           | 2 |  2.3
Maces & Flails | 2 3 |  3.2
Charms         | 1 |  1.0
Spellcasting   | 2 |  2.0
Stealth        | |  0.3
Translocations | |  2.9
Invocations    | |  0.2

Action                   |  1- 3 |  4- 6 |  7- 9 || total
-------------------------+-------+-------+-------++-------
Melee: Hand axe          |   106 |    27 |       ||   133
       Club              |       |   302 |    18 ||   320
Throw: Tomahawk          |       |     5 |       ||     5
 Cast: Shroud of Golubri |    11 |    35 |     2 ||    48
       Blink             |       |     1 |       ||     1
Invok: Bend Time         |       |     2 |       ||     2
  Use: Potion            |       |     2 |       ||     2
       Scroll            |       |     1 |     3 ||     4
 Stab: Sleeping          |       |     2 |       ||     2
  Eat: Chunk             |    16 |    25 |       ||    41
Armor: Robe              |    28 |   114 |     2 ||   144
Dodge: Dodged            |    61 |   202 |    12 ||   275
